 Dungeon Crawl Stone Soup version 0.29-a0-824-gd827844252 (webtiles) character file.

Game seed: 6845709473169968385

14574 wingedge the Covert (level 11, -3/53 HPs)
             Began as a Felid Monk on July 8, 2022.
             Was an Elder of Wu Jian.
             Slain by a cane toad (18 damage)
             ... on level 2 of the Lair of Beasts on July 9, 2022.
             The game lasted 00:57:24 (14600 turns).

wingedge the Covert (Felid Monk)                   Turns: 14600, Time: 00:57:24

Health: -3/53      AC:  2    Str: 15    XL:     11   Next: 90%
Magic:  19/19      EV: 28    Int: 12    God:    Wu Jian [****..]
Gold:   308        SH:  5    Dex: 21    Spells: 10/20 levels left
                                        Lives:  0   Deaths: 3

rFire   x . .      SeeInvis +     - Unarmed
rCold   + . .      Faith    .   (shield unavailable)
rNeg    . . .      Spirit   .   (body armour unavailable)
rPois   .          Reflect  +   (helmet unavailable)
rElec   .          Harm     .   (cloak unavailable)
rCorr   .          Rampage  .   (gloves unavailable)
Will    ++...                   (boots unavailable)
Stlth   ++++++....              a - amulet of reflection
HPRegen 0.17/turn               d - ring of ice
MPRegen 0.16/turn               x - +6 ring of strength

@: exhausted, quick
A: very small, claws 1, fangs 3, see invisible, speed 1, shaggy fur 2, stealthy
paws, no weapons or thrown items, no armour, multi-lived, antennae 1,
strong-willed 1, noise suppression
a: Renounce Religion, Wall Jump, Serpent's Lash


You were on level 2 of the Lair of Beasts.
You worshipped Wu Jian.
Wu Jian was greatly pleased with you.
You visited 3 branches of the dungeon, and saw 14 of its levels.
You also visited: Bailey.

You collected 679 gold pieces.
You spent 371 gold pieces at shops.

Inventory:

Jewellery
 a - an amulet of reflection (around neck)
 d - a ring of ice (left paw)
 e - a ring of flight
 t - an amulet of regeneration
 u - a ring of positive energy
 v - a ring of resist corrosion
 x - a +6 ring of strength (right paw)
 C - a +4 ring of evasion
Wands
 m - a wand of polymorph (7)
 w - a wand of digging (1)
Scrolls
 b - a scroll of amnesia
 g - a scroll of immolation
 k - 2 scrolls of blinking
 l - 4 scrolls of teleportation
 A - a scroll of vulnerability
Potions
 c - 4 potions of curing
 f - 3 potions of attraction
 h - a potion of ambrosia
 i - a potion of might
 n - a potion of magic
 o - a potion of haste
 p - a potion of resistance
 q - a potion of cancellation
 s - a potion of mutation
 z - a potion of invisibility
 B - a potion of brilliance


   Skills:
 + Level 9.3 Fighting
 + Level 12.0 Dodging
 * Level 13.4 Stealth
 * Level 10.0 Unarmed Combat
 * Level 5.2 Spellcasting
 * Level 10.1 Translocations
 + Level 6.0 Evocations


You had 10 spell levels left.
You knew the following spells:

 Your Spells              Type           Power      Damage    Failure   Level
a - Blink                 Tloc           54%        N/A       1%          2
b - Lesser Beckoning      Tloc           27%        N/A       1%          3
c - Manifold Assault      Tloc           27%        N/A       9%          5

Your spell library contained the following spells:

 Spells                   Type           Power      Damage    Failure   Level
 Dazzling Flash           Conj/Hex       6%         N/A       52%         3
 Ozocubu's Armour         Ice            4%         N/A       52%         3
 Tukima's Dance           Hex            3%         N/A       52%         3
 Animate Dead             Necr           3%         N/A       89%         4
 Corpse Rot               Necr/Pois/Air  3%         N/A       89%         4
 Dispel Undead            Necr           3%         3d7       89%         4
 Agony                    Necr           3%         N/A       99%         5
 Blade Hands              Tmut           1%         N/A       99%         5
 Borgnjor's Vile Clutch   Necr/Erth      1%         N/A       99%         5
 Metabolic Englaciation   Hex/Ice        2%         N/A       99%         5
 Silence                  Hex/Air        1%         N/A       99%         5
 Death Channel            Necr           1%         N/A       100%        6
 Simulacrum               Ice/Necr       2%         N/A       100%        6
 Storm Form               Tmut/Air       1%         N/A       100%        7
 Portal Projectile        Hex/Tloc       Unusable   N/A       N/A         3

Dungeon Overview and Level Annotations

Branches:
Dungeon (11/15)            Temple (1/1) D:6            Lair (2/6) D:10
    Orc (0/2) D:11         Bailey (visited)
  Swamp: Lair:2-4    Shoals: Lair:2-4     Snake: Lair:2-4    Spider: Lair:2-4

Altars:
Ashenzari
Cheibriados
Dithmenos
Elyvilon
Fedhas
Gozag
Hepliaklqana
Kikubaaqudgha
Makhleb
Nemelex Xobeh
Okawaru
Qazlal
Ru
Sif Muna
Trog
Uskayaw
Vehumet
Wu Jian
Xom
Yredelemnul
Zin
The Shining One

Shops:
D:3 (   D:4 *   D:8 [   D:10 !   D:11 (:


Innate Abilities, Weirdness & Mutations

You have sharp claws.
You have razor-sharp teeth.
You have supernaturally acute eyesight. (SInv)
You cover ground quickly. (Speed+)
You are covered in thick fur. (AC +2)
Your paws help you pounce on unaware monsters.
You are incapable of wielding weapons or throwing items.
You cannot wear armour.
You gain extra lives every three experience levels.
You have a pair of small antennae on your head.
You are strong-willed. (Will+)
You passively dampen the noise of your surroundings.


Message History

The white imp is lightly wounded.
You block the white imp's attack.
You scratch the white imp. Your claw misses the white imp.
The white imp is heavily wounded.
The white imp closely misses you.
The white imp hits the fungus.
The white imp freezes the fungus.
The white imp hits you. The white imp freezes you. You resist.
You claw the white imp!
You kill the white imp!
The Council accepts your kill.
A nearby fungus withers and dies.
The cane toad closely misses you. The white imp hits you.
The white imp freezes you. You resist. The white imp gestures at you.
The puff of frost hits you. You resist.
* * * LOW HITPOINT WARNING * * *
Your muscles tense, ready for explosive movement...
You lunge with incredible momentum at the white imp.
You scratch the white imp. You bite the white imp.
The white imp is almost dead.
You spin and attack the white imp, with incredible momentum.
You scratch the white imp.
The white imp is heavily wounded.
You spin and attack the white imp, with incredible momentum.
You claw the white imp!
You kill the white imp!
The Council accepts your kill.
Your supernatural speed expires.
You mangle the white imp!!
You kill the white imp!
The Council accepts your kill.
You lunge at the cane toad.
You claw the cane toad! x2
The cane toad is severely wounded.
The cane toad closely misses you.
You scratch the cane toad.
The cane toad is severely wounded.
The cane toad completely misses you.
You closely miss the cane toad.
The cane toad is severely wounded.
The cane toad stings you!!
You die...

,,,* ##.....# **,,,,,,,,,,
,,*###* #......# **,,,,,,,,,,
,.##..#### ##......##*,.,,,,,,,,,
,......P.###........#...,,,,,,,,,
,......................#***,,,,,,
**#P#..(.####.....##...,*,,,,,,,,
**##...# ##.#.##*,,.^***,,,,,,
#..5# ###F.#*,,,***,,,,,,, #...#
#.@##*,,,,**,,,,,,,
#...#######.#,,,,.,*,,,,,,,,
***###....##.#.#.##....****,,,,,,
,,*#......5............#**,,,,,,,
,**###..................,,,,,,,,,
,,,* #.###.P###.........,,,***,,*
,,,* ##*##...##...#####.,*** ****
,,,** #P..###...# **** ,,,,*
##.## ##.##


You could see a cane toad.

Vanquished Creatures
  2 death yaks (Lair:1)
  An orc knight (Bailey)
  An ugly thing (D:11)
  A cyclops (D:11)
  2 black mambas (Lair:1)
  A torpor snail (Lair:1)
  A gargoyle (D:11)
  An unseen horror (D:11)
  7 cane toads (Lair:1)
  2 komodo dragons (Lair:1)
  3 trolls
  2 hornets (D:10)
  A polar bear (Lair:1)
  Sigmund (D:2)
  3 wyverns
  19 yaks
  2 basilisks (Lair:1)
  2 steam dragons (D:9)
  6 vampire mosquitoes (D:11)
  5 water moccasins
  A sky beast (D:7)
  A black bear (Lair:1)
  9 orc warriors
  3 ice beasts
  2 ogres
  11 wolves
  A centaur (D:9)
  2 phantoms
  The ghost of zeratav the Changer, an amateur OpTm (D:3)
  4 kobold brigands
  4 bullfrogs
  2 gnoll sergeants
  A necrophage (D:6)
  2 scorpions (D:6)
  8 wights (D:9)
  4 howler monkeys
  8 orc priests
  6 hounds
  A gnoll bouda (D:6)
  An iron imp (D:6)
  3 jellies
  6 iguanas
  Terence (D:3)
  11 orc wizards
  23 gnolls
  9 adders
  3 shadow imps
  13 white imps
  5 ufetubi
  5 worms
  2 dart slugs
  25 orcs
  4 endoplasms
  2 giant cockroaches (D:3)
  8 hobgoblins
  4 jackals (D:3)
  28 kobolds
  3 quokkas
  3 ball pythons
  3 bats
  4 frilled lizards
  12 goblins
  6 rats
318 creatures vanquished.

Vanquished Creatures (collateral kills)
  2 orcs (D:10)
2 creatures vanquished.

Vanquished Creatures (others)
  A fungus (Lair:2)
  A plant (Lair:1)
2 creatures vanquished.

Grand Total: 322 creatures vanquished

Notes
Turn   | Place    | Note
-------+----------+-------------------------------------------
     0 | D:1      | wingedge the Felid Monk began the quest for the Orb.
     0 | D:1      | Reached XP level 1. HP: 10/10 MP: 2/2
   245 | D:1      | Reached skill level 3 in Stealth
   327 | D:1      | Reached XP level 2. HP: 12/14 MP: 3/3
  1112 | D:2      | Reached XP level 3. HP: 17/17 MP: 4/4
  1154 | D:2      | Noticed Sigmund
  1661 | D:2      | Killed Sigmund
  1662 | D:2      | Reached skill level 5 in Dodging
  1662 | D:2      | Reached skill level 4 in Stealth
  1662 | D:2      | Reached XP level 4. HP: 8/22 MP: 5/5
  1662 | D:2      | Reached XP level 5. HP: 9/25 MP: 6/6
  2020 | D:3      | Noticed zeratav's ghost (amateur OpTm)
  2077 | D:3      | Found a sacrificial altar of Ru.
  2224 | D:3      | Noticed Terence
  2227 | D:3      | Killed Terence
  2228 | D:3      | Reached skill level 5 in Stealth
  2228 | D:3      | Found Tegosyhi's Antique Weapon Emporium.
  2230 | D:3      | Found a runed translucent door.
  2264 | D:3      | Gained mutation: You are covered in thick fur. (AC +2)
                  | [Felid growth]
  2264 | D:3      | Reached XP level 6. HP: 28/28 MP: 7/7
  2297 | D:3      | HP: 1/28 [zeratav's ghost (3)]
  2297 | D:3      | Slain by zeratav's ghost
  2298 | D:3      | Reached XP level 5. HP: 0/25 MP: 6/6
  2370 | D:3      | Reached skill level 9 in Stealth
  2370 | D:3      | Reached XP level 6. HP: 33/33 MP: 7/7
  2372 | D:3      | Gained mutation: You are strong-willed. (Will+) [potion of
                  | mutation]
  2372 | D:3      | Gained mutation: You have a pair of small antennae on your
                  | head. [potion of mutation]
  2372 | D:3      | Gained mutation: You passively dampen the noise of your
                  | surroundings. [potion of mutation]
  2376 | D:3      | Killed zeratav's ghost
  2601 | D:3      | Found a faded altar of an unknown god.
  2864 | D:4      | Found Tips's Assorted Antiques.
  2871 | D:4      | Bought 2 yellow potions for 37 gold pieces
  2871 | D:4      | Bought 2 clear potions for 37 gold pieces
  2871 | D:4      | Bought a cyan potion for 18 gold pieces
  2871 | D:4      | Bought a scroll labelled CETSAN XOITHRUR for 21 gold pieces
  2871 | D:4      | Bought a fizzy green potion for 18 gold pieces
  3099 | D:4      | Found a hide-covered altar of Uskayaw.
  3145 | D:4      | Reached skill level 10 in Stealth
  3145 | D:4      | Reached XP level 7. HP: 35/36 MP: 8/8
  3692 | D:5      | Entered Level 5 of the Dungeon
  3780 | D:5      | Found a glowing silver altar of Zin.
  3819 | D:5      | Reached skill level 1 in Evocations
  3901 | D:5      | Reached skill level 10 in Dodging
  4247 | D:5      | Found a shimmering altar of Xom.
  4342 | D:5      | Found a snail-covered altar of Cheibriados.
  4365 | D:5      | Reached XP level 8. HP: 40/40 MP: 9/9
  4777 | D:5      | Found an opulent altar of Gozag.
  5190 | D:6      | Found a staircase to the Ecumenical Temple.
  5199 | Temple   | Entered the Ecumenical Temple
  5207 | Temple   | Became a worshipper of the Wu Jian Council
  5207 | Temple   | Reached * piety under Wu Jian
  5207 | Temple   | Reached ** piety under Wu Jian
  5781 | D:6      | Found a burning altar of Makhleb.
  5931 | D:7      | Reached skill level 1 in Translocations
  6149 | D:7      | Reached XP level 9. HP: 28/44 MP: 3/10
  6325 | D:7      | Learned a level 2 spell: Blink
  6407 | D:7      | Reached skill level 1 in Spellcasting
  6461 | D:7      | Engulfed by a cloud of flame
  6462 | D:7      | Reached XP level 8. HP: -1/40 MP: 10/10
  7083 | D:8      | Reached skill level 11 in Stealth
  7203 | D:8      | Learned a level 3 spell: Lesser Beckoning
  7241 | D:8      | Reached XP level 9. HP: 44/44 MP: 9/12
  7352 | D:8      | Found Izeen's Armour Shoppe.
  8001 | D:9      | Found a shimmering blue altar of Sif Muna.
  8016 | D:9      | Reached *** piety under Wu Jian
  8074 | D:9      | Reached skill level 5 in Translocations
  8778 | D:9      | Noticed a troll
  8793 | D:9      | Killed a troll
  9064 | D:10     | Entered Level 10 of the Dungeon
  9064 | D:10     | Found Luevus's Distillery.
  9067 | D:10     | Bought a potion of berserk rage for 60 gold pieces
  9067 | D:10     | Bought a potion of heal wounds for 60 gold pieces
  9067 | D:10     | Bought a potion of resistance for 120 gold pieces
  9377 | D:10     | Found a shadowy altar of Dithmenos.
  9485 | D:10     | Noticed a moth of wrath
  9487 | D:10     | Found a bloodstained altar of Trog.
  9506 | D:10     | Reached **** piety under Wu Jian
  9535 | D:10     | Noticed a troll
  9546 | D:10     | Killed a troll
  9552 | D:10     | Reached XP level 10. HP: 36/49 MP: 13/15
  9791 | D:10     | Found a staircase to the Lair.
  9827 | D:10     | Found a flagged portal.
  9832 | Bailey   | Entered a bailey
 10136 | Bailey   | Noticed an orc knight
 10145 | Bailey   | Slain by an orc warrior
 10146 | Bailey   | Reached XP level 9. HP: -3/45 MP: 13/14
 10180 | Bailey   | Killed an orc knight
 10379 | Bailey   | Learned a level 5 spell: Manifold Assault
 10650 | D:11     | Noticed a cyan ugly thing
 10672 | D:11     | Killed a cyan ugly thing
 10859 | D:11     | Found a staircase to the Orcish Mines.
 10891 | D:11     | Reached XP level 10. HP: 38/49 MP: 15/15
 10917 | D:11     | Noticed a cyclops
 10928 | D:11     | Killed a cyclops
 10976 | D:11     | Found Xabanop's Book Shop.
 11028 | D:11     | Reached skill level 12 in Stealth
 11376 | D:11     | Noticed a gargoyle
 11382 | D:11     | Killed a gargoyle
 11433 | D:11     | Reached skill level 5 in Evocations
 11986 | D:11     | Found Fureq's Weapon Boutique.
 12081 | Lair:1   | Entered Level 1 of the Lair of Beasts
 12081 | Lair:1   | Noticed a cane toad
 12086 | Lair:1   | Killed a cane toad
 12091 | Lair:1   | Noticed a cane toad
 12094 | Lair:1   | Noticed a cane toad
 12096 | Lair:1   | Noticed a cane toad
 12105 | Lair:1   | Killed a cane toad
 12111 | Lair:1   | Killed a cane toad
 12116 | Lair:1   | Killed a cane toad
 12136 | Lair:1   | Noticed a black mamba
 12140 | Lair:1   | Killed a black mamba
 12141 | Lair:1   | Reached XP level 11. HP: 46/53 MP: 2/18
 13222 | Lair:1   | Upgraded the game from 0.29-a0-823-gc37b1572da to
                  | 0.29-a0-824-gd827844252
 13315 | Lair:1   | Reached skill level 13 in Stealth
 13481 | Lair:2   | Noticed a death yak
 13481 | Lair:2   | Noticed a death yak
 13503 | Lair:1   | Killed a death yak
 13607 | Lair:1   | Reached skill level 5 in Spellcasting
 13887 | Lair:1   | Killed a death yak
 13888 | Lair:1   | Reached skill level 10 in Translocations
 14140 | Lair:1   | Reached skill level 10 in Unarmed Combat
 14600 | Lair:2   | Slain by a cane toad

Illustrated notes

Levels and vault maps discovered:
D:1:      nzn_arrival_settlement, layout_loops_ring, serial_rivers,
          chequers_serial_rivers_large_a, chequers_serial_rivers_large_b,
          chequers_serial_rivers_micro_c, chequers_serial_rivers_small_a,
          chequers_serial_rivers_micro_a, chequers_serial_rivers_micro_c,
          lemuel_old_faithful
D:2:      layout_rooms, kennysheep_generic_room_4, uniq_sigmund
D:3:      layout_basic, hangedman_ru_absence, serial_shops, nicolae_shop_stone,
          hellmonk_ecumenical_altar_leap_of_faith,
          hellmonk_ghost_happy_afterlife, kennysheep_pointless_box, uniq_terence
D:4:      layout_basic, nicolae_uskayaw_suspiria, serial_shops,
          kennysheep_mini_moat
D:5:      layout_basic, pdpol_temple_overflow_zin_treasury_gozag_greed,
          lemuel_tele_altar, kennysheep_slug_shrine, minmay_misc_feat_five,
          minivault_27, minmay_between
D:6:      layout_layer_cave, makhleb_grotto_becter, minmay_temple_entry_junction
D:7:      minmay_evil_eye, layout_loops_cross, dreamdust_gnoll_farm
D:8:      layout_gridville, serial_shops, shop
D:9:      layout_stronghold, mainiacjoe_overflow_24_doors
D:10:     layout_roguey, tgw_trog, nicolae_overflow_crystal_walls, serial_shops,
          shop, enter_bailey_3
D:11:     layout_basic, david_orc_3, serial_shops,
          nicolae_shop_bloodbath_and_beyond, shop_statue, nrook_loot_triangle,
          minmay_misc_feat_chi
Temple:   nicolae_temple_no_exploring_needed
Lair:1:   layout_long_grid
Lair:2:   layout_small_grid, portal_ice_cave_entry_imps,
          chequers_serial_rivers_micro_a, hangedman_lair_generics_rect,
          grunt_megastairs_2, infiniplex_staircase_pool

Skill      XL: |  1  2  3  4  5  6  7  8  9 10 11 |
---------------+----------------------------------+-----
Stealth        | 3 4 9 10 11 12 13 | 13.4
Fighting       | 4 7 8 9 |  9.3
Dodging        | 5 9 10 11 12 | 12.0
Unarmed Combat | 4 7 8 9 10 | 10.0
Evocations     | 1 2 4 5 6 |  6.0
Translocations | 4 7 8 10 | 10.1
Spellcasting   | 3 4 5 |  5.2

Action                   |  1- 3 |  4- 6 |  7- 9 | 10-12 || total
-------------------------+-------+-------+-------+-------++-------
Melee: Unarmed           |    73 |    81 |   400 |   484 ||  1038
       Bite              |     6 |     9 |    45 |    56 ||   116
       Punch             |     1 |     2 |    18 |    31 ||    52
 Cast: Lesser Beckoning  |       |       |     1 |       ||     1
       Manifold Assault  |       |       |       |     9 ||     9
       Blink             |       |       |       |     1 ||     1
Invok: Lunge             |       |       |    36 |    38 ||    74
       Whirlwind         |       |       |    39 |    88 ||   127
       Serpent's Lash    |       |       |     4 |    11 ||    15
 Abil: Wall Jump         |       |       |     4 |     3 ||     7
Evoke: Wand              |       |       |    27 |    11 ||    38
  Use: Potion            |     3 |     3 |     5 |    17 ||    28
       Scroll            |     2 |     3 |    22 |     4 ||    31
 Stab: Sleeping          |     6 |    11 |    31 |    13 ||    61
       Distracted        |       |     1 |     3 |     3 ||     7
       Invisible         |       |       |     4 |     3 ||     7
Armor: Skin              |     4 |     3 |    10 |     9 ||    26
Dodge: Dodged            |    61 |    41 |   329 |   404 ||   835
Block: Other             |       |       |    45 |    81 ||   126
       Reflection        |       |       |       |     2 ||     2

Table legend: (Time is in decaauts)
 A = Elapsed time spent in this place.
 B = Non-inter-level travel time spent in this place.
 C = Inter-level travel time spent in this place.
 D = Time resting spent in this place.
 E = Time spent auto-exploring this place.
 F = Levels seen in this place.
 G = Mean time per level.
                   A        B        C        D        E       F      G
               +--------+--------+--------+--------+--------+-----+--------+
         Total |  12843 |  12284 |    559 |   4023 |   5412 |  15 |  856.2 |
       Dungeon |   9945 |   9508 |    437 |   2356 |   4985 |  11 |  904.1 |
        Temple |     13 |      2 |     11 |      0 |      0 |   1 |   13.0 |
          Lair |   2313 |   2202 |    111 |   1345 |    394 |   2 | 1156.5 |
        Bailey |    570 |    570 |      0 |    321 |     32 |   1 |  570.0 |
               +--------+--------+--------+--------+--------+-----+--------+

Top non-repeatable levels by time:
  Lair:1: 2174 daAuts
    D:11: 1301 daAuts
     D:9: 1109 daAuts
     D:5: 1029 daAuts
     D:1: 980 daAuts
     D:7: 942 daAuts
     D:2: 900 daAuts
     D:6: 824 daAuts
    D:10: 816 daAuts
     D:4: 786 daAuts
     D:8: 645 daAuts
     D:3: 606 daAuts
  Bailey: 570 daAuts
  Lair:2: 139 daAuts
  Temple: 13 daAuts
